 Dungeon Crawl Stone Soup version 0.28.0-53-g5a82cb258f (webtiles) character file.

Game seed: 15025685499185809161

45 Descartes the Sneak (level 3, -2/27 HPs)
             Began as an Octopode Wanderer on June 22, 2022.
             Slain by an orc
             ... wielding a +0 hand axe
              (6 damage)
             ... on level 3 of the Dungeon.
             The game lasted 00:04:28 (1947 turns).

Descartes the Sneak (Octopode Wanderer)             Turns: 1947, Time: 00:04:28

Health: -2/27      AC:  1    Str: 11 (13) XL:     3   Next: 64%
Magic:  3/3        EV: 12    Int:  9 (12) God:
Gold:   94         SH:  0    Dex: 11 (13) Spells: 2/2 levels left

rFire   . . .      SeeInvis .   a - +0 dagger
rCold   . . .      Faith    .   (no shield)
rNeg    . . .      Spirit   .   e - +0 hat
rPois   .          Reflect  .   (no amulet)
rElec   .          Harm     .   (no ring)
rCorr   .          Rampage  .   (no ring)
Will    .....                   (no ring)
Stlth   +++.......              (no ring)
HPRegen 0.09/turn               (no ring)
MPRegen 0.08/turn               (no ring)
                                (no ring)
                                (no ring)

@: no status effects
A: almost no armour, amphibious, 8 rings, camouflage 1, gelatinous body 1,
(nimble swimmer 1), tentacles
a: no special abilities


You were on level 3 of the Dungeon.
You visited 1 branch of the dungeon, and saw 3 of its levels.

You collected 99 gold pieces.
You donated 5 gold pieces to Zin.

Inventory:

Hand Weapons
 a - a +0 dagger (weapon)
 d - a +0 hand axe
Missiles
 b - 2 atropa-tipped darts (quivered)
 c - 2 datura-tipped darts
 h - 24 arrows
 k - 22 stones
 l - 36 sling bullets
 m - 26 bolts
Armour
 e - a +0 hat (worn)
Scrolls
 j - a scroll of teleportation
 n - a scroll of torment
Potions
 o - a potion of invisibility {unknown}
 p - a potion of attraction {unknown}
 r - a potion of haste {unknown}
 s - a potion of heal wounds {unknown}


   Skills:
 - Level 4.0 Fighting
 + Level 2.1 Short Blades
 - Level 3.0 Axes
 - Level 1.0 Dodging
 + Level 4.3 Stealth


You had 2 spell levels left.
You didn't know any spells.
Your spell library was empty.

Dungeon Overview and Level Annotations

Branches:
Dungeon (3/15)

Altars:
Uskayaw
Zin


Innate Abilities, Weirdness & Mutations

You cannot wear most types of armour.
You are amphibious.
You can wear up to eight rings at the same time.
Your skin changes colour to match your surroundings (Stealth+).
Your rubbery body absorbs attacks. (AC +1, EV +1)
((You are camouflaged when in or above water. (Stealth+)))
You have tentacles for arms and can constrict up to eight enemies at once.


Message History

You hear the rusting of a very distant drain.
There is a stone staircase leading up here.
l - 36 sling bullets (gained 18)
Found a stone staircase leading down.
You now have 94 gold pieces (gained 11).
There is a stone staircase leading down here.
You hear the rusting of a very distant drain.
A bat comes into view.
The helpless bat fails to defend itself.
You puncture the bat!
You kill the bat!
An orc comes into view. It is wielding a +0 falchion.
An orc comes into view. It is wielding a +0 hand axe.
An orc comes into view. It is wielding a +0 whip.
The orc shouts!
You hear a shout!
The orc barely misses you.
You closely miss the orc. You grab the orc. You constrict the orc.
The orc closely misses you.
You hit the orc.
The orc is moderately wounded.
You constrict the orc. The orc hits you with a +0 whip!
You hit the orc.
The orc is almost dead.
You constrict the orc, but do no damage.
The orc hits you with a +0 whip.
You hit the orc but do no damage.
The orc is almost dead.
You constrict the orc.
You kill the orc!
You hit the orc. Your grab misses the orc.
The orc is lightly wounded.
The orc closely misses you.
You hit the orc. You grab the orc.
The orc is moderately wounded.
You constrict the orc. The orc hits you with a +0 hand axe!
* * * LOW HITPOINT WARNING * * *
You hit the orc.
The orc is heavily wounded.
You constrict the orc. The orc hits you with a +0 hand axe.
You die...

##....#.# #....# #.#
#....#.# #.#.........#
#.# #....#.#
#.#.........# #.#
#....#.# # #.........#
#.# ##....#.#
.........# #.#
........# ..o....#
#.#.# ###.###.# ...#.#
..#.# ......#.#
#.#######.#.######..#.#
.###..#.#
#.....@o............#.#
#..#.#
#.#######.#.####...##.#
#..#.# #.#.# #......#
##.#.# #.#.####.......
#...# #r#........###.
#...# #.######...# #.
#..># ########.# #.#.#
#. #.### #.........
#.#.# #. #.#
#........S. #.#.# #.


You could see an orc.

Vanquished Creatures
  A worm (D:3)
  A dart slug (D:1)
  An orc (D:3)
  2 ball pythons
  4 endoplasms
  A giant cockroach (D:1)
  4 goblins
  3 hobgoblins
  4 jackals (D:3)
  2 quokkas (D:1)
  3 bats
  3 frilled lizards (D:1)
  2 kobolds
  3 rats
34 creatures vanquished.

Notes
Turn   | Place    | Note
-------+----------+-------------------------------------------
     0 | D:1      | Descartes the Octopode Wanderer began the quest for the
                  | Orb.
     0 | D:1      | Descartes set off with the following items: a +0 dagger, 2
                  | atropa-tipped darts, 2 datura-tipped darts, a +0 hand axe,
                  | a +0 hat
     0 | D:1      | Reached XP level 1. HP: 17/17 MP: 1/1
   199 | D:1      | Reached skill level 1 in Short Blades
   199 | D:1      | Reached XP level 2. HP: 22/22 MP: 2/2
   950 | D:1      | Found a faded altar of an unknown god.
   954 | D:1      | Prayed at the altar of an unknown god.
   954 | D:1      | Became a worshipper of Zin the Law-Giver
   954 | D:1      | Reached * piety under Zin
   955 | D:1      | Fell from the grace of Zin
  1227 | D:2      | Reached XP level 3. HP: 27/27 MP: 3/3
  1544 | D:2      | Found a hide-covered altar of Uskayaw.
  1736 | D:3      | HP: 1/27 [worm (2)]
  1947 | D:3      | Slain by an orc

Illustrated notes

Levels and vault maps discovered:
D:1:      dpeg_arrival_long_road, layout_basic, serial_corexii_hall,
          corexii_hall_statues_l, corexii_hall_statues_l,
          corexii_hall_statues_t, corexii_hall_statues_t,
          shapermc_ecumenical_altar_acropolis, minivault_5
D:2:      layout_basic, basic_altar
D:3:      layout_basic, portal_sewer_entry_d, serial_park_tiny_1

Skill      XL: |  1  2  3 |
---------------+----------+-----
Stealth        | 3 4 |  4.3
Short Blades   | 1 2 |  2.1
Fighting       | |  4.0
Axes           | |  3.0
Dodging        | |  1.0

Action                   || total
-------------------------++-------
Melee: Dagger            ||    79
       Constrict         ||    19
       Tentacles         ||     7
       Punch             ||     1
Invok: Renounce Religion ||     1
  Use: Scroll            ||     3
       Potion            ||     2
 Stab: Sleeping          ||    12
Armor: Skin              ||     7
Dodge: Dodged            ||    30
